 Dungeon Crawl Stone Soup version 0.30-a0-772-g5528072125 (webtiles) character file.

Game seed: 4066098328755057373

181 Crownlay the Firebug (level 5, -4/38 HPs)
             Began as a Hill Orc Fire Elementalist on Feb 12, 2023.
             Was an Initiate of Gozag.
             Slain by Grinder (6 damage)
             ... on level 3 of the Dungeon.
             The game lasted 00:05:33 (3143 turns).

Crownlay the Firebug (Hill Orc Fire Elementalist)   Turns: 3143, Time: 00:05:33

Health: -4/38      AC:  2    Str: 11    XL:     5   Next: 61%
Magic:  9/9        EV: 12    Int: 17    God:    Gozag
Gold:   217        SH:  0    Dex: 11    Spells: 3/9 levels left

rFire   . . .      SeeInvis +    c - +0 battleaxe
rCold   . . .      Faith    .    (shield currently unavailable)
rNeg    . . .      Spirit   .    a - +0 robe
rPois   .          Reflect  .    (no helmet)
rElec   .          Harm     .    (no cloak)
rCorr   .          Rampage  .    (no gloves)
Will    .....                    (no boots)
Stlth   ++                       (no amulet)
HPRegen 0.26/turn                d - ring of see invisible
MPRegen 0.11/turn                (no ring)

@: no status effects
A: no striking features
a: Renounce Religion, Potion Petition, Call Merchant, Bribe Branch


You were on level 3 of the Dungeon.
You worshipped Gozag.
Gozag was aware of your devotion.
You visited 1 branch of the dungeon, and saw 3 of its levels.

You collected 233 gold pieces.
You paid 16 gold pieces to Gozag.

Inventory:

Hand Weapons
 c - a +0 battleaxe (weapon)
 k - a +0 dagger of speed
Armour
 a - a +0 robe (worn)
Jewellery
 d - a ring of see invisible (left hand)
Scrolls
 f - a scroll of enchant armour
 h - a scroll of amnesia
Potions
 b - 2 potions of magic
 e - 2 potions of curing {unknown}
 g - 2 potions of haste
 i - a potion of might {unknown}
 j - a potion of degeneration {unknown}
 l - a potion of lignification {unknown}


   Skills:
 - Level 1.5 Dodging
 - Level 1.5 Stealth
 + Level 2.7 Spellcasting
 - Level 1.0 Conjurations
 * Level 5.8 Fire Magic


You had 3 spell levels left.
You knew the following spells:

 Your Spells              Type           Power      Damage    Failure   Level
a - Foxfire               Conj/Fire      52%        2x1d6     4%          1
b - Scorch                Fire           44%        2d7       2%          2
c - Inner Flame           Hex/Fire       12%        N/A       16%         3

Your spell library contained the following spells:

 Spells                   Type           Power      Damage    Failure   Level
 Beastly Appendage        Tmut           4%         N/A       19%         1
 Kindle Blastsparks       Fire/Tloc/Air  16%        2d11      24%         3
 Wereblood                Tmut           2%         N/A       26%         2
 Spider Form              Tmut/Pois      2%         N/A       47%         3
 Flame Wave               Conj/Fire      13%        2d6       41%         4


Dungeon Overview and Level Annotations

Branches:
Dungeon (3/15)

Altars:
Gozag

Shops:
D:2 [

Annotations:
D:3 Grinder


Message History

Grinder gestures at you.
You suddenly lose the ability to move!
You can move again.
Grinder says, "You look like you could use a good racking."
There is a stone staircase leading up here.
You climb upwards.
There is a stone staircase leading down here.
Your extra speed is starting to run out.
You feel yourself slow down.
Magic restored.
HP restored.
Done exploring.
You climb downwards.
Level annotation: Grinder Grinder blinks! x2
There is a stone staircase leading up here.
Cast which spell? (? or * to list)
The spell is quite dangerous to miscast (16% risk of failure)!
Continue anyway?
Okay, then.
You barely miss Grinder. Grinder misses you.
You slash Grinder!
Grinder is moderately wounded.
Grinder hits you!
You writhe in agony.
Grinder barely misses you.
You closely miss Grinder.
Grinder is moderately wounded.
Grinder hits you!
You writhe in agony.
Grinder closely misses you.
You barely miss Grinder.
Grinder is moderately wounded.
Grinder says, "Just stop there for a second..."
Grinder hits you but does no damage. Grinder hits you!
* * * LOW HITPOINT WARNING * * *
You writhe in agony.
* * * LOW HITPOINT WARNING * * *
Grinder says, "Just stop there for a second..."
There is a stone staircase leading up here.
Grinder hits you.
* * * LOW HITPOINT WARNING * * *
You writhe in agony.
You die...
Your body crumbles into a pile of gold.

#.# #..##.#####.##....
#.####.#####..##.....#.##.###
#.............##.# #......#
#.####.#####.###.# ###.####
#............5..)# #.######
#..>.........###.# ##.......
##.###.####### #.# #...#####
# #.#########.####.#.#
#.#....@5..........#
#.#.#######........# $
#)#.#######).......#
#.........#.#####..#
###.#####.#.#####..#
#.................#
#..####.....>....## ##.#
###.#####.## #.# #.# #.#


You could see Grinder.

Vanquished Creatures
  A scorpion (D:3)
  7 adders
  A worm (D:2)
  A dart slug (D:2)
  An orc (D:3)
  3 bats
  7 endoplasms
  2 giant cockroaches
  3 hobgoblins (D:1)
  5 jackals
  3 quokkas (D:1)
  4 ball pythons
  3 goblins (D:1)
  6 kobolds
  9 rats
56 creatures vanquished.

Vanquished Creatures (others)
  266 foxfires
  5 fungi (D:3)
  6 plants (D:3)
277 creatures vanquished.

Grand Total: 333 creatures vanquished

Notes
Turn   | Place    | Note
-------+----------+-------------------------------------------
     0 | D:1      | Crownlay the Hill Orc Fire Elementalist began the quest for
                  | the Orb.
     0 | D:1      | Reached XP level 1. HP: 14/14 MP: 3/3
     2 | D:1      | Noticed a draconian
     4 | D:1      | Noticed an elf
     4 | D:1      | Noticed a vine stalker
     6 | D:1      | Noticed a demigod
     6 | D:1      | Noticed an ogre
     8 | D:1      | Noticed a vampire
     8 | D:1      | Noticed an octopode
    10 | D:1      | Noticed a felid
    12 | D:1      | Noticed a naga
    12 | D:1      | Noticed a human
    14 | D:1      | Noticed a meteoran
    14 | D:1      | Noticed a troll
    16 | D:1      | Noticed a tengu
    16 | D:1      | Noticed a minotaur
    18 | D:1      | Noticed a gargoyle
    20 | D:1      | Noticed an armataur
    20 | D:1      | Noticed a demonspawn
    22 | D:1      | Noticed a spriggan
    22 | D:1      | Noticed a ghoul
    24 | D:1      | Noticed an elf
    24 | D:1      | Noticed a merfolk
    26 | D:1      | Noticed a formicid
    26 | D:1      | Noticed a gargoyle
   253 | D:1      | Reached XP level 2. HP: 19/20 MP: 0/4
   535 | D:1      | Reached skill level 4 in Fire Magic
   538 | D:1      | Learned a level 2 spell: Scorch
   822 | D:1      | Reached XP level 3. HP: 26/26 MP: 0/5
  1474 | D:2      | Found an opulent altar of Gozag.
  1550 | D:2      | Became a worshipper of Gozag Ym Sagoz the Greedy
  1643 | D:2      | Reached XP level 4. HP: 33/33 MP: 4/7
  1751 | D:2      | Found Bait's Armour Emporium.
  1839 | D:2      | Reached skill level 5 in Fire Magic
  2662 | D:3      | Noticed a scorpion
  2671 | D:3      | Learned a level 3 spell: Inner Flame
  2681 | D:3      | Killed a scorpion
  2682 | D:3      | Reached XP level 5. HP: 38/38 MP: 2/9
  2978 | D:3      | Noticed Grinder
  3008 | D:3      | Paralysed by Grinder for 2 turns
  3143 | D:3      | Slain by Grinder

Illustrated notes

Levels and vault maps discovered:
D:1:      kb_arrival_jail, layout_loops_ring, item_on_display_a
D:2:      layout_basic, basic_altar, serial_shops, shop, palyth_stone_intersect
D:3:      layout_loops_ring, dreamdust_ecumenical_altar_grove, uniq_grinder

Skill      XL: |  1  2  3  4 |
---------------+-------------+-----
Fire Magic     | 4 5 |  5.8
Spellcasting   | 2 |  2.7
Dodging        | |  1.5
Stealth        | |  1.5
Conjurations   | |  1.0

Action                     |  1- 3 |  4- 6 || total
---------------------------+-------+-------++-------
  Melee: Dagger            |    11 |     3 ||    14
         Battleaxe         |       |     4 ||     4
   Cast: Foxfire           |    76 |    82 ||   158
         Scorch            |       |     2 ||     2
    Use: Scroll            |       |     4 ||     4
         Potion            |       |     1 ||     1
 Armour: Robe              |     8 |     3 ||    11
  Dodge: Dodged            |    12 |    17 ||    29

Table legend: (Time is in decaauts)
 A = Elapsed time spent in this place.
 B = Non-inter-level travel time spent in this place.
 C = Inter-level travel time spent in this place.
 D = Time resting spent in this place.
 E = Time spent auto-exploring this place.
 F = Levels seen in this place.
 G = Mean time per level.
                   A        B        C        D        E       F      G
               +--------+--------+--------+--------+--------+-----+--------+
         Total |   3125 |   3090 |     35 |      0 |   2639 |   3 | 1041.7 |
       Dungeon |   3125 |   3090 |     35 |      0 |   2639 |   3 | 1041.7 |
               +--------+--------+--------+--------+--------+-----+--------+

Top non-repeatable levels by time:
     D:2: 1367 daAuts
     D:1: 1274 daAuts
     D:3: 483 daAuts
